 Dungeon Crawl Stone Soup version 0.30-a0-912-ge10d75a369 (webtiles) character file.

Game seed: 15664249533891104769

113 Grim the Ruffian (level 4, -2/38 HPs)
             Began as a Ghoul Monk on Mar 19, 2023.
             Was a Priest of Cheibriados.
             Slain by a sleepcap (4 damage)
             ... on level 3 of the Dungeon.
             The game lasted 00:05:26 (2340 turns).

Grim the Ruffian (Ghoul Monk)                       Turns: 2340, Time: 00:05:26

Health: -2/38      AC:  4    Str: 20    XL:     4   Next: 96%
Magic:  3/3        EV: 13    Int: 13    God:    Cheibriados [***...]
Gold:   106        SH:  0    Dex: 17    Spells: 0/3 levels left

rFire   . . .      SeeInvis .      - Unarmed
rCold   + . .      Faith    .    (no shield)
rNeg    + + +      Spirit   .    a - +0 robe
rPois   ∞          Reflect  .    q - +1 hat
rElec   .          Rampage  .    e - +0 cloak
rCorr   .                        (no gloves)
Will    .....                    (no boots)
Stlth   ++                       (no amulet)
HPRegen 0.00/turn                (no ring)
MPRegen 0.08/turn                (no ring)

@: inhibited regen, very slow
A: claws 1, cold resistance 1, negative energy resistance 3, inhibited
regeneration, torment resistance 2, devour on kill
a: Renounce Religion, Bend Time, Temporal Distortion


You were on level 3 of the Dungeon.
You worshipped Cheibriados.
Cheibriados was most pleased with you.
You visited 1 branch of the dungeon, and saw 3 of its levels.

You collected 106 gold pieces.

Inventory:

Missiles
 i - 2 throwing nets (quivered)
Armour
 a - a +0 robe (worn)
 e - a +0 cloak (worn)
 q - a +1 hat (worn)
Wands
 p - a wand of polymorph (6)
Scrolls
 f - a scroll of teleportation {unknown}
 g - 3 scrolls of identify {unknown}
 h - a scroll of fear {unknown}
 k - a scroll of blinking {unknown}
 l - a scroll of vulnerability {unknown}
Potions
 c - 3 potions of heal wounds {unknown}
 d - a potion of invisibility {unknown}
 j - a potion of haste {unknown}
 m - a potion of curing {unknown}
 n - 3 potions of might {unknown}
 o - a potion of flight {unknown}


   Skills:
 - Level 3.2 Fighting
 - Level 2.6 Dodging
 - Level 2.1 Stealth
 - Level 4.9 Unarmed Combat
 * Level 0.9 Necromancy
 + Level 1.4 Transmutations
 + Level 1.7 Poison Magic


You couldn't memorise any spells.
You knew the following spells:

 Your Spells              Type           Power      Damage    Failure   Level
a - Sting                 Tmut/Pois      16%        1d3       16%         1
b - Necrotise             Necr           8%         1d4       22%         1
c - Summon Small Mammal   Summ           0%         N/A       30%         1

Your spell library contained the following spells:

 Spells                   Type           Power      Damage    Failure   Level
 Apportation              Tloc           0%         N/A       30%         1
 Poisonous Vapours        Pois/Air       4%         N/A       32%         2
 Stone Arrow              Conj/Erth      0%         3d7       67%         3
 Olgreb's Toxic Radiance  Pois           4%         N/A       83%         4
 Animate Armour           Summ/Erth      0%         N/A       97%         4
 Lehudib's Crystal Spear  Conj/Erth      0%         10d2      100%        8


Dungeon Overview and Level Annotations

Branches:
Dungeon (3/15)

Altars:
Cheibriados

Shops:
D:2 [

Annotations:
D:3 3 runed translucent doors, choppaz's ghost, weakling GrEE


Innate Abilities, Weirdness & Mutations

You are immune to poison.
You have sharp fingernails.
Your flesh is cold resistant. (rC+)
You are immune to negative energy. (rN+++)
You do not regenerate when monsters are visible.
You are immune to unholy pain and torment.
You thrive by killing the living.


Message History

The quokka bites you.
* * * LOW HITPOINT WARNING * * *
The sleepcap closely misses you.
The orc hits you from afar with a +0 trident.
* * * LOW HITPOINT WARNING * * *
The sleepcap closely misses you.
Casting: Sting (safe; 16% risk of failure)
Confirm with . or Enter, or press ? or * to list all spells.
Aiming: Necrotise (safe; 22% risk of failure)
Press: ? - help, Shift-Dir - straight line, f - sleepcap
Aim: a sleepcap (chance to affect: 50%)
The sleepcap resists with some effort.
The sleepcap releases spores at you but does no damage.
Casting: Necrotise (safe; 22% risk of failure)
Confirm with . or Enter, or press ? or * to list all spells.
Aiming: Necrotise (safe; 22% risk of failure)
Press: ? - help, Shift-Dir - straight line, f/p - sleepcap
Aim: a sleepcap (chance to affect: 50%)
The sleepcap resists with some effort.
The sleepcap barely misses you.
You are confused.
You feel invigorated. The sleepcap releases spores at you.
* * * LOW HITPOINT WARNING * * *
You bump into the rock wall.
The sleepcap releases spores at you!
* * * LOW HITPOINT WARNING * * *
You bump into the rock wall.
The sleepcap barely misses you.
You bump into the rock wall.
The sleepcap closely misses you.
You feel less invigorated.
You feel less confused.
The quokka twitches its whiskers.
The sleepcap releases spores at you.
* * * LOW HITPOINT WARNING * * *
The sleepcap attacks as you move away! The sleepcap releases spores at you!
* * * LOW HITPOINT WARNING * * *
The sleepcap closely misses you. The sleepcap releases spores at you.
* * * LOW HITPOINT WARNING * * *
The sleepcap releases spores at you.
* * * LOW HITPOINT WARNING * * *
The sleepcap closely misses you. The sleepcap releases spores at you.
You die...

#...)##.#
#....†......
#...#######
#.######.###
##..goo.g.#
#.#
#.#######o#
#.# ..> #o#
#.# .. .....
#.# #.# ..
#...#. #r#
.######.##
.# ##.##.#
#f#
.........#
.# #>##.#
##@#
.######..##
.# # ...#
#..# #....
.# #..# #.##
#.### .#
#..# #.# #.#
.# #..# #)#
#.# .# #..#
#.# ####.#
)######..#
#.# #....#
.........#
#.# #..<.#
#######.##
#.# #...##


You could see a sleepcap, 2 orcs, a quokka and a goblin.

Vanquished Creatures
  3 adders
  A worm (D:2)
  2 dart slugs (D:1)
  3 orcs (D:3)
  10 endoplasms
  A giant cockroach (D:1)
  2 goblins (D:2)
  9 hobgoblins
  5 kobolds
  7 quokkas
  8 ball pythons
  6 bats
  6 frilled lizards
  9 rats
72 creatures vanquished.

Notes
Turn   | Place    | Note
-------+----------+-------------------------------------------
     0 | D:1      | Grim the Ghoul Monk began the quest for the Orb.
     0 | D:1      | Reached XP level 1. HP: 19/19 MP: 0/0
   186 | D:1      | Reached XP level 2. HP: 26/26 MP: 1/1
   187 | D:1      | You fall into a shaft and drop 1 floor!
   304 | D:1      | Learned a level 1 spell: Sting
   325 | D:1      | Reached skill level 4 in Unarmed Combat
   667 | D:1      | Reached XP level 3. HP: 31/31 MP: 2/2
  1065 | D:2      | Reached skill level 1 in Poison Magic
  1150 | D:2      | Reached skill level 1 in Transmutations
  1163 | D:2      | Found a snail-covered altar of Cheibriados.
  1167 | D:2      | Noticed a floating eye
  1206 | D:2      | Reached XP level 4. HP: 28/38 MP: 3/3
  1215 | D:2      | Became a worshipper of Cheibriados the Contemplative
  1215 | D:2      | Reached * piety under Cheibriados
  1215 | D:2      | Reached ** piety under Cheibriados
  1292 | D:2      | Noticed a floating eye
  1297 | D:2      | Found a faded altar of an unknown god.
  1298 | D:2      | Noticed a shining eye
  1298 | D:2      | Noticed a floating eye
  1435 | D:2      | Found Oboacriss's Antique Armour Boutique.
  1730 | D:2      | Learned a level 1 spell: Necrotise
  1737 | D:2      | Learned a level 1 spell: Summon Small Mammal
  1966 | D:3      | Found a runed translucent gate.
  1966 | D:3      | Found a runed translucent gate.
  1967 | D:3      | Found a runed translucent gate.
  2052 | D:3      | Noticed choppaz's ghost (weakling GrEE)
  2318 | D:3      | Reached *** piety under Cheibriados
  2340 | D:3      | Slain by a sleepcap

Illustrated notes

Levels and vault maps discovered:
D:1:      ncdulo_lavacross, layout_loops_ring
D:2:      minmay_razor_zed, layout_rooms,
          hellmonk_ecumenical_altar_watching_god, serial_shops,
          nicolae_shop_crystal, basic_altar, minmay_misc_feat_roman
D:3:      layout_loops_ring, gammafunk_ghost_split

Skill      XL: |  1  2  3 |
---------------+----------+-----
Unarmed Combat | 4 |  4.9
Poison Magic   | 1 |  1.7
Transmutations | 1 |  1.4
Fighting       | |  3.2
Dodging        | |  2.6
Stealth        | |  2.1
Necromancy     | |  0.9

Action                     |  1- 3 |  4- 6 || total
---------------------------+-------+-------++-------
  Melee: Unarmed           |   112 |    87 ||   199
         Punch             |     6 |     1 ||     7
   Cast: Necrotise         |       |     2 ||     2
    Use: Potion            |       |     1 ||     1
   Stab: Sleeping          |     5 |     3 ||     8
 Armour: Robe              |    15 |    10 ||    25
  Dodge: Dodged            |    47 |    65 ||   112

Table legend: (Time is in decaauts)
 A = Elapsed time spent in this place.
 B = Non-inter-level travel time spent in this place.
 C = Inter-level travel time spent in this place.
 D = Time resting spent in this place.
 E = Time spent auto-exploring this place.
 F = Levels seen in this place.
 G = Mean time per level.
                   A        B        C        D        E       F      G
               +--------+--------+--------+--------+--------+-----+--------+
         Total |   2736 |   2665 |     71 |    254 |   1848 |   3 |  912.0 |
       Dungeon |   2736 |   2665 |     71 |    254 |   1848 |   3 |  912.0 |
               +--------+--------+--------+--------+--------+-----+--------+

Top non-repeatable levels by time:
     D:2: 1102 daAuts
     D:1: 913 daAuts
     D:3: 721 daAuts
